 Dungeon Crawl Stone Soup version 0.31-a0-455-g1a7b003ef0 (webtiles) character file.

Game seed: 8681781213106873840

5579 Xavori the Carver (level 11, -2/77 HPs)
             Began as a Djinni Chaos Knight on Aug 3, 2023.
             Was a Plaything of Xom.
             Killed from afar by an acid dragon (24 damage)
             ... with a splash of acid
             ... on level 9 of the Dungeon.
             The game lasted 00:09:23 (13921 turns).

Xavori the Carver (Djinni Chaos Knight)            Turns: 13921, Time: 00:09:25

Health: -2/77      AC: 11    Str: 20    XL:     11   Next: 2%
Gold:   369        EV: 14    Int: 17    God:    Xom [.*....] SH:  4 Dex: 11

rFire   + + .        z - +1 scimitar (heavy)
rCold   x . .        (no shield)
rNeg    . . .        b - +2 leather armour rPois โˆž
                     (helmet restricted)
rElec   +            x - +0 cloak
rCorr   .            d - +0 pair of gloves
SInv    .            (boots unavailable)
Will    +++..        s - amulet of the acrobat
Stlth   ++           g - +4 ring of protection
HPRegen 1.92/turn    (no ring)
MPRegen 0.00/turn

%: acrobat, infuse magic (-3 HP)
@: spiked, flying
A: sickness immunity, fire resistance 2, cold vulnerability 1, float, innate
caster, HP casting, extra vitality 1, antennae 1, large bone plates 1, clever 1,
strong-willed 2, sense surroundings 2, regeneration 2, electricity resistance,
strong 2, wild magic 2
a: Renounce Religion


You were on level 9 of the Dungeon.
You worshipped Xom.
You were a plaything of Xom.
You visited 1 branch of the dungeon, and saw 9 of its levels.

You collected 369 gold pieces.

Inventory:

Hand Weapons
 a - a +0 falchion of chaos
 z - a +1 heavy scimitar (weapon)
Armour
 b - a +2 leather armour (worn)
 d - a +0 pair of gloves (worn)
 w - a +0 helmet
 x - a +0 cloak (worn)
Jewellery
 g - a +4 ring of protection (left hand)
 s - an amulet of the acrobat (around neck)
 I - a +4 ring of slaying
Wands
 i - a wand of quicksilver (7)
 p - a wand of flame (11)
 y - a wand of paralysis (15)
 C - a wand of mindburst (12)
Scrolls
 c - a scroll of butterflies
 f - 3 scrolls of blinking
 l - a scroll of silence
 m - 4 scrolls of revelation
 n - 2 scrolls of enchant armour
 t - a scroll of enchant weapon {unknown}
 D - 2 scrolls of fear {unknown}
 E - a scroll of teleportation
 F - a scroll of vulnerability {unknown}
 H - a scroll of acquirement {unknown}
Potions
 e - 7 potions of curing
 h - a potion of heal wounds {unknown}
 j - a potion of resistance {unknown}
 k - 3 potions of lignification
 o - a potion of degeneration {unknown}
 q - 2 potions of brilliance
 r - a potion of berserk rage {unknown}
 u - a potion of might {unknown}
 v - 2 potions of enlightenment
 A - a potion of cancellation {unknown}
 B - a potion of mutation {unknown}
 G - a potion of invisibility {unknown}
 J - a potion of haste {unknown}


   Skills:
 + Level 6.3 Fighting
 + Level 8.5 Long Blades
 + Level 4.1 Armour
 + Level 7.2 Dodging
 + Level 3.3 Stealth
 + Level 3.6 Shields
 * Level 4.0 Spellcasting
 * Level 4.0 Conjurations
 * Level 4.0 Hexes
 * Level 4.0 Summonings
 * Level 4.0 Necromancy
 * Level 4.0 Translocations
 * Level 4.0 Transmutations
 * Level 4.0 Fire Magic
 * Level 4.0 Ice Magic
 * Level 4.0 Air Magic
 * Level 4.0 Earth Magic
 * Level 4.0 Poison Magic
 * Level 3.9 Evocations


You knew the following spells:

 Your Spells              Type           Power      Damage    Failure   Level
a - Summon Small Mammal   Summ           100%       N/A       10%         1
b - Blink                 Tloc           54%        N/A       13%         2
c - Tukima's Dance        Hex            27%        N/A       22%         3
d - Animate Dead          Necr           27%        N/A       52%         4
e - Leda's Liquefaction   Hex/Erth       13%        N/A       52%         4
Your spell library was empty.

Dungeon Overview and Level Annotations

Branches:
Dungeon (9/15)             Temple (0/1) D:5            Lair (0/5) D:9
    Orc: D:9-12

Altars:
Cheibriados
Dithmenos
Fedhas
Hepliaklqana
Okawaru
Xom

Shops:
D:8 (

Annotations:
D:8 exclusion: obsidian statue


Innate Abilities, Weirdness & Mutations

You are immune to sickness and miasma.
You are immune to poison.
Your flesh is very heat resistant. (rF++)
You are vulnerable to cold. (rC-)
You float through the air rather than walking.
You learn spells naturally, not from books.
Your magical power is your life essence.
You have superior vitality. (+4 MHP)
You have a pair of small antennae on your head.
You are partially covered in large bone plates. (SH +4)
Your mind is acute. (Int +4, Str/Dex -1)
You are highly strong-willed. (Will++)
You passively map the area around you.
You heal very quickly.
You are resistant to electric shocks. (rElec)
Your muscles are very strong. (Str +8, Int/Dex -2)
Your spells are harder to cast, but more powerful.


Message History

The kobold demonologist misses you.
The red devil hits you but does no damage.
You slice the kobold demonologist!!
The kobold demonologist is severely wounded.
The centaur hits you but does no damage.
The centaur closely misses you.
The kobold demonologist closely misses you.
The centaur misses you. You block the centaur's attack.
The red devil completely misses you.
You slash the kobold demonologist!
The kobold demonologist is almost dead.
The centaur closely misses you. The centaur barely misses you.
The kobold demonologist looks satisfied for a moment.
The red devil hits you from afar with a +0 trident!
Barbed spikes become lodged in your body.
The centaur barely misses you. The centaur closely misses you.
The kobold demonologist closely misses you.
You barely miss the kobold demonologist.
The kobold demonologist is almost dead.
The centaur barely misses you. The centaur kicks you.
The red devil hits you from afar with a +0 trident.
Barbed spikes become lodged in your body.
The centaur hits you but does no damage.
The centaur barely misses you.
The kobold demonologist looks satisfied for a moment.
The red devil hits you from afar with a +0 trident!
Barbed spikes become lodged in your body.
You slash the kobold demonologist!
You kill the kobold demonologist!
The red devil disappears in a puff of smoke!
The centaur hits you.
* * * LOW HITPOINT WARNING * * *
The centaur kicks you but does no damage.
The centaur hits you but does no damage.
The centaur kicks you but does no damage.
The centaur completely misses you. The centaur closely misses you.
The acid dragon spits acid at you. The splash of acid hits you!!
You die...
Xom guffaws!

, , *, * , , ....... ** ,, * ,,
, ....... , , , ,* , , .....#.
, , , * , #####** * .....#. >
#..., , ...... , * #..# * ,
#####... , ##### #.ยง#
,*#...#.#. * #...# #cD# *
#...#... , ,,#,*,#.#.# ##@# *
###...#<.. ..#+#...# #bb#,
#.#...#.#. , ,........# #bb# ,
#.#...#### , ......#.###..# ,
#.#..#...โ‰ˆ , .............#,
#......#.. ,
#..#....############.....##.P
#.....#.# #......#.#...P. *
#.......#######......#.#โ‰ˆ..P>
**
##.....................#..PP.


You could see an acid dragon (catching breath, ally target) and a centaur.

Vanquished Creatures
  A kobold demonologist (D:9)
  Maggie (D:8)
  Sigmund (D:5)
  6 yaks (D:8)
  2 wyverns
  2 steam dragons
  2 water moccasins
  2 ice beasts
  An orc warrior (D:8)
  3 sky beasts (D:6)
  2 ogres
  3 centaurs
  A bullfrog (D:7)
  A kobold brigand (D:7)
  4 scorpions
  7 wights (D:8)
  8 killer bees
  3 electric eels (D:8)
  4 hounds
  An orc priest (D:4)
  2 jellies
  4 iguanas
  4 sleepcaps
  6 orc wizards
  Robin (D:4)
  3 gnolls (D:6)
  4 adders
  2 ufetubi (D:6)
  A dart slug (D:2)
  21 orcs
  7 ball pythons
  4 endoplasms
  2 giant cockroaches
  10 hobgoblins
  3 jackals (D:1)
  3 quokkas
  6 bats
  2 frilled lizards (D:3)
  12 goblins
  6 kobolds
  4 rats
162 creatures vanquished.

Vanquished Creatures (collateral kills)
  Pikel (D:4)
  A wight (D:8)
  A giant cockroach (D:1)
  A goblin (D:1)
  A hobgoblin (D:2)
  A kobold (D:2)
  A ball python (D:1)
7 creatures vanquished.

Vanquished Creatures (others)
  A killer bee (D:7)
  A howler monkey (D:7)
  An orc wizard (D:5)
  An orc (D:7)
4 creatures vanquished.

Grand Total: 173 creatures vanquished

Notes
Turn   | Place    | Note
-------+----------+-------------------------------------------
     0 | D:1      | Xavori the Djinni Chaos Knight began the quest for the Orb.
     0 | D:1      | Reached XP level 1. HP: 20/20 MP: 0/0
    73 | D:1      | XOM: divination: detect creatures
  1127 | D:1      | XOM: give mutations
  1127 | D:1      | Gained mutation: You are strong-willed. (Will+) [Xom's
                  | mischief]
  1127 | D:1      | Gained mutation: You are partially covered in large bone
                  | plates. (SH +4) [Xom's mischief]
  1127 | D:1      | Gained mutation: You passively map a small area around you.
                  | [Xom's mischief]
  1383 | D:1      | XOM: 1-stop teleportation journey
  1417 | D:1      | XOM: summons 1 friendly demon
  1428 | D:1      | Reached XP level 2. HP: 25/25 MP: 0/0
  1472 | D:1      | XOM: god gift: 17 gold pieces
  1747 | D:1      | Reached skill level 3 in Long Blades
  1760 | D:1      | Reached XP level 3. HP: 30/30 MP: 0/0
  1760 | D:1      | Learned a level 1 spell: Summon Small Mammal
  1949 | D:1      | XOM: fog
  2192 | D:1      | XOM: god gift: ruby ring {god gift}
  2562 | D:1      | XOM: god gift: scroll labelled UCZE ICHUOPPAF {god gift}
  2578 | D:1      | XOM: cloud trail
  2580 | D:1      | XOM: silly message
  2791 | D:1      | XOM: scenery: summon butterflies
  2923 | D:1      | XOM: give mutations
  2923 | D:1      | Gained mutation: You are dopey. (Int -2) [Xom's mischief]
  2923 | D:1      | Gained mutation: You passively dampen the noise of your
                  | surroundings. [Xom's mischief]
  2923 | D:1      | Gained mutation: Your spells are a little harder to cast,
                  | but a little more powerful. [Xom's mischief]
  3723 | D:1      | XOM: noise
  3820 | D:1      | XOM: summons 2 hostile demons
  3893 | D:2      | XOM: scenery: summon butterflies
  4039 | D:2      | XOM: draining
  4501 | D:1      | XOM: noise
  4900 | D:1      | XOM is BORED!
  4900 | D:1      | XOM: draining
  5431 | D:1      | XOM: stat loss: -1 Int (10/11)
  5433 | D:1      | XOM: cloud trail
  6011 | D:1      | XOM: give mutations
  6011 | D:1      | Gained mutation: Your spells are harder to cast, but more
                  | powerful. [Xom's grace]
  6011 | D:1      | Gained mutation: You have hidden genetic potential. [Xom's
                  | grace]
  6011 | D:1      | Gained mutation: Your spells are much harder to cast, but
                  | much more powerful. [Xom's grace]
  6011 | D:1      | Lost mutation: You are dopey. (Int -2) [Xom's grace]
  6563 | D:1      | XOM: god gift: wand of quicksilver (3)
  6588 | D:1      | XOM is BORED!
  6588 | D:1      | XOM: give mutations
  6588 | D:1      | Lost mutation: Your spells are much harder to cast, but
                  | much more powerful. [Xom's mischief]
  6588 | D:1      | Gained mutation: Your mind is acute. (Int +4, Str/Dex -1)
                  | [Xom's mischief]
  6588 | D:1      | Gained mutation: Your natural rate of healing is unusually
                  | fast. [Xom's mischief]
  6588 | D:1      | Gained mutation: Your body sometimes deteriorates upon
                  | taking damage. [Xom's mischief]
  6612 | D:1      | XOM: summons 2 hostile demons
  6710 | D:2      | XOM: cast spell 'Call Canine Familiar'
  6826 | D:2      | Found a faded altar of an unknown god.
  6927 | D:2      | XOM: fog
  7011 | D:2      | XOM: 2-stop teleportation journey
  7063 | D:2      | Reached XP level 4. HP: 26/26 MP: 0/0
  7173 | D:2      | XOM: give mutations
  7173 | D:2      | Lost mutation: You passively dampen the noise of your
                  | surroundings. [Xom's mischief]
  7173 | D:2      | Lost mutation: Your body sometimes deteriorates upon taking
                  | damage. [Xom's mischief]
  7173 | D:2      | Lost mutation: Your mind is acute. (Int +4, Str/Dex -1)
                  | [Xom's mischief]
  7173 | D:2      | Lost mutation: Your natural rate of healing is unusually
                  | fast. [Xom's mischief]
  7688 | D:2      | XOM: god gift: wand of flame (11)
  8219 | D:2      | XOM: god gift: 5 stones
  8269 | D:2      | XOM: god gift: 4 atropa-tipped darts
  8294 | D:2      | XOM: divination: detect creatures
  8304 | D:2      | XOM: divination: detect items
  8410 | D:2      | XOM: give mutations
  8410 | D:2      | Gained mutation: You are highly strong-willed. (Will++)
                  | [Xom's mischief]
  8410 | D:2      | Gained mutation: Your muscles are strong. (Str +4, Int/Dex
                  | -1) [Xom's mischief]
  8804 | D:2      | XOM: god gift: ring mail {god gift}
  8890 | D:2      | XOM: give mutations
  8890 | D:2      | Gained mutation: Your muscles are very strong. (Str +8,
                  | Int/Dex -2) [Xom's grace]
  8890 | D:2      | Gained mutation: Your natural rate of healing is unusually
                  | fast. [Xom's grace]
  9215 | D:3      | Noticed a water moccasin
  9233 | D:3      | Killed a water moccasin
  9234 | D:3      | Reached skill level 1 in Stealth
  9234 | D:3      | Reached skill level 1 in Spellcasting
  9234 | D:3      | Reached skill level 1 in Conjurations
  9234 | D:3      | Reached skill level 1 in Hexes
  9234 | D:3      | Reached skill level 1 in Summonings
  9234 | D:3      | Reached skill level 1 in Necromancy
  9234 | D:3      | Reached skill level 1 in Translocations
  9234 | D:3      | Reached skill level 1 in Transmutations
  9234 | D:3      | Reached skill level 1 in Fire Magic
  9234 | D:3      | Reached skill level 1 in Ice Magic
  9234 | D:3      | Reached skill level 1 in Air Magic
  9234 | D:3      | Reached skill level 1 in Earth Magic
  9234 | D:3      | Reached skill level 1 in Poison Magic
  9234 | D:3      | Reached XP level 5. HP: 31/40 MP: 0/0
  9234 | D:3      | Learned a level 2 spell: Blink
  9375 | D:3      | Found a snail-covered altar of Cheibriados.
  9676 | D:4      | Noticed Robin
  9676 | D:4      | XOM: cast spell 'Disjunction'
  9715 | D:3      | Reached skill level 1 in Shields
  9719 | D:3      | Upgraded the game from 0.31-a0-441-g867994ef1c to
                  | 0.31-a0-455-g1a7b003ef0
  9725 | D:3      | XOM: swap monsters
  9851 | D:4      | Killed Robin
  9852 | D:4      | Reached XP level 6. HP: 46/46 MP: 0/0
  9870 | D:4      | Found a blossoming altar of Fedhas.
  9897 | D:4      | Found a shadowy altar of Dithmenos.
  9975 | D:4      | XOM: butterfly on damage
 10017 | D:4      | Gained mutation: You are extremely strong-willed. (Will+++)
                  | [hidden potential]
 10246 | D:4      | Reached skill level 4 in Long Blades
 10307 | D:5      | Entered Level 5 of the Dungeon
 10307 | D:5      | Noticed Pikel
 10312 | D:4      | XOM: summons 3 friendly demons
 10322 | D:4      | Killed Pikel
 10323 | D:4      | Reached skill level 5 in Long Blades
 10323 | D:4      | Reached XP level 7. HP: 29/52 MP: 0/0
 10323 | D:4      | Learned a level 3 spell: Tukima's Dance
 10323 | D:4      | Reached XP level 8. HP: 32/58 MP: 0/0
 10335 | D:4      | Gained mutation: You heal very quickly. [hidden potential]
 10335 | D:4      | Lost mutation: You have hidden genetic potential. [hidden
                  | potential expressed]
 10462 | D:5      | XOM: summons 5 hostile demons
 10723 | D:5      | XOM: give mutations
 10723 | D:5      | Gained mutation: You are frail. (-10% HP) [Xom's mischief]
 10723 | D:5      | Lost mutation: You are extremely strong-willed. (Will+++)
                  | [Xom's mischief]
 10723 | D:5      | Lost mutation: You are frail. (-10% HP) [Xom's mischief]
 10746 | D:5      | Noticed Sigmund
 10763 | D:5      | Killed Sigmund
 10883 | D:5      | XOM: silly message
 11018 | D:5      | XOM: silly message
 11077 | D:5      | XOM: confuse monster(s)
 11079 | D:5      | Reached skill level 5 in Dodging
 11079 | D:5      | Reached XP level 9. HP: 63/63 MP: 0/0
 11079 | D:5      | Learned a level 4 spell: Animate Dead
 11205 | D:5      | Found a staircase to the Ecumenical Temple.
 11206 | D:5      | XOM: swap monsters
 11317 | D:5      | XOM: give mutation
 11317 | D:5      | Gained mutation: You passively map the area around you.
                  | [Xom's grace]
 11355 | D:5      | Reached skill level 6 in Long Blades
 11505 | D:5      | Reached skill level 5 in Fighting
 11803 | D:6      | XOM: divination: detect creatures
 11820 | D:6      | XOM: scenery: 1 doors open, 1 doors close
 11891 | D:6      | Identified the +5 short sword of Yhiadam {drain, rPois rN+
                  | Str+2 Int+3}
 11895 | D:6      | Found a hazy altar of Hepliaklqana.
 12320 | D:6      | XOM: god gift: wand of quicksilver (5)
 12491 | D:7      | Reached skill level 7 in Long Blades
 12553 | D:7      | Reached skill level 1 in Evocations
 12605 | D:7      | XOM: fog
 12617 | D:7      | XOM: scenery: summon butterflies
 12634 | D:7      | XOM: divine lightning
 12635 | D:7      | XOM: cleaving
 12639 | D:7      | Reached XP level 10. HP: 52/70 MP: 0/0
 13059 | D:8      | XOM: give mutations
 13059 | D:8      | Gained mutation: Your mind is acute. (Int +4, Str/Dex -1)
                  | [Xom's grace]
 13059 | D:8      | Gained mutation: You have a pair of small antennae on your
                  | head. [Xom's grace]
 13059 | D:8      | Gained mutation: You are resistant to electric shocks.
                  | (rElec) [Xom's grace]
 13078 | D:8      | Reached skill level 8 in Long Blades
 13094 | D:8      | XOM: god gift: dire flail {god gift}
 13097 | D:8      | XOM: scenery: create altars
 13204 | D:8      | Noticed an obsidian statue
 13256 | D:8      | Found a shimmering altar of Xom.
 13256 | D:8      | XOM: 7-stop teleportation journey
 13275 | D:8      | Found an iron altar of Okawaru.
 13307 | D:8      | XOM: cloud trail
 13311 | D:8      | Noticed Maggie
 13313 | D:8      | XOM: noise
 13314 | D:8      | XOM: summons friendly white imp
 13318 | D:8      | XOM: enchant monster (good)
 13324 | D:8      | Killed Maggie
 13561 | D:8      | XOM: enchant monster (bad)
 13585 | D:8      | XOM: cast spell 'Metabolic Englaciation'
 13601 | D:8      | Found Taakeoc's Antique Weapon Shoppe.
 13609 | D:8      | Reached XP level 11. HP: 76/77 MP: 0/0
 13609 | D:8      | Learned a level 4 spell: Leda's Liquefaction
 13777 | D:9      | Found a staircase to the Lair.
 13879 | D:9      | Identified the +8 hand axe of the Puckish God {freeze,
                  | Int+4}
 13913 | D:9      | XOM: butterfly on damage
 13921 | D:9      | Killed from afar by an acid dragon

Illustrated notes

Levels and vault maps discovered:
D:1:      lightli_arrival_isolated_outpost, layout_loops_ring
D:2:      layout_loops_cross, chequers_ecumenical_altar_twisty, minivault_5
D:3:      layout_basic, mainiacjoe_overflow_big_doors,
          chequers_serial_rivers_micro_b, minmay_surrounded
D:4:      layout_gridville, mainiacjoe_overflow_large_starburst, uniq_robin
D:5:      layout_loops_cross, minmay_temple_entry_crystal_x,
          serial_co_window_serial, co_window_paths_b, co_window_corner_a,
          co_window_corner_a, co_window_paths_a, co_window_of_opportunity_a,
          co_window_corner_b, co_window_cross_2, co_window_broadway_a,
          co_window_corner_ca, co_window_paths_c, co_window_broadway_a,
          glass_columns_b, glass_columns_c, glass_columns_a,
          kennysheep_generic_room_15, uniq_pikel, uniq_sigmund
D:6:      layout_gridville, mainiacjoe_overflow_alcove_1, nrook_campfire
D:7:      layout_rooms
D:8:      statuecave_lemuel, layout_loops_ring,
          mainiacjoe_overflow_concentric_impassable, marbit_many_paths,
          serial_shops, nicolae_shop_waterfront, corexii_checkpoint_a,
          chequers_jeans, uniq_maggie
D:9:      minmay_angry_zag, layout_stronghold, dpeg_oklobed_lair,
          grunt_decor_fettered

Skill      XL: |  1  2  3  4  5  6  7  8  9 10 |
---------------+-------------------------------+-----
Long Blades    | 3 5 7 8 |  8.5
Armour         | 2 3 4 |  4.1
Stealth        | 1 2 3 |  3.3
Spellcasting   | 1 2 3 4 |  4.0
Conjurations   | 1 2 3 4 |  4.0
Hexes          | 1 2 3 4 |  4.0
Summonings     | 1 2 3 4 |  4.0
Necromancy     | 1 2 3 4 |  4.0
Translocations | 1 2 3 4 |  4.0
Transmutations | 1 2 3 4 |  4.0
Fire Magic     | 1 2 3 4 |  4.0
Ice Magic      | 1 2 3 4 |  4.0
Air Magic      | 1 2 3 4 |  4.0
Earth Magic    | 1 2 3 4 |  4.0
Poison Magic   | 1 2 3 4 |  4.0
Shields        | 1 2 3 |  3.6
Dodging        | 3 5 6 7 |  7.2
Fighting       | 4 5 6 |  6.3
Evocations     | 1 3 |  3.9

Action                     |  1- 3 |  4- 6 |  7- 9 | 10-12 || total
---------------------------+-------+-------+-------+-------++-------
  Melee: Falchion          |    91 |   167 |    74 |       ||   332
         Punch             |     1 |     4 |     2 |     2 ||     9
         Scimitar          |       |       |   170 |   174 ||   344
  Evoke: Wand              |       |       |     1 |       ||     1
    Use: Scroll            |     1 |       |     6 |     3 ||    10
         Potion            |       |       |     1 |       ||     1
   Stab: Paralysed         |       |     4 |       |     5 ||     9
         Confused          |       |     2 |       |       ||     2
         Sleeping          |       |     1 |     3 |     1 ||     5
 Armour: Leather armour    |    22 |    57 |   210 |    73 ||   362
  Dodge: Dodged            |    50 |   133 |   343 |   195 ||   721
  Block: Other             |    29 |    40 |    70 |    45 ||   184

Table legend: (Time is in decaauts)
 A = Elapsed time spent in this place.
 B = Non-inter-level travel time spent in this place.
 C = Inter-level travel time spent in this place.
 D = Time resting spent in this place.
 E = Time spent auto-exploring this place.
 F = Levels seen in this place.
 G = Mean time per level.
                   A        B        C        D        E       F      G
               +--------+--------+--------+--------+--------+-----+--------+
         Total |  14156 |  13908 |    248 |   7944 |   4368 |   9 | 1572.9 |
       Dungeon |  14156 |  13908 |    248 |   7944 |   4368 |   9 | 1572.9 |
               +--------+--------+--------+--------+--------+-----+--------+

Top non-repeatable levels by time:
     D:1: 6404 daAuts
     D:2: 2710 daAuts
     D:5: 1129 daAuts
     D:8: 953 daAuts
     D:6: 866 daAuts
     D:3: 749 daAuts
     D:4: 719 daAuts
     D:7: 463 daAuts
     D:9: 159 daAuts
